 Dungeon Crawl Stone Soup version 0.19.3-1-g3169bf9 (webtiles) character file.

270 JeffiDaFish the Shield-Bearer (level 6, -2/38 HPs)
             Began as a Gargoyle Fighter on Jan 23, 2017.
             Slain by an ogre
             ... wielding a +0 giant club
              (14 damage)
             ... on level 3 of the Dungeon.
             The game lasted 00:05:08 (2707 turns).

JeffiDaFish the Shield-Bearer (Gargoyle Fighter)    Turns: 2707, Time: 00:05:09

Health: -2/38      AC: 18    Str: 19      XL:     6   Next: 22%
Magic:  6/6        EV:  5    Int:  9      God:
Gold:   107        SH:  9    Dex:  9 (11) Spells: 0 memorised, 5 levels left

rFire  + . .     SeeInvis .     t - +0 flail (crush)
rCold  x . .     Gourm    .     e - +0 chain mail
rNeg   + . .     Faith    .     c - +0 shield
rPois  ∞         Spirit   .     q - +0 helmet
rElec  +         Reflect  .     g - +2 cloak
rCorr  .         Harm     .     (no gloves)
MR     .....                    (no boots)
Stlth  ..........               r - amulet of rage
                                (no ring)
                                h - ring of fire

@: no status effects
A: talons 1, negative energy resistance 1, electricity resistance, unbreathing,
petrification resistance, rot immunity, AC +4
a: Evoke Berserk Rage


You were on level 3 of the Dungeon.
You were hungry.

You visited 1 branch of the dungeon, and saw 3 of its levels.

You collected 107 gold pieces.

Inventory:

Hand Weapons
 a - a +1 flail
 t - a +0 flail of crushing (weapon)
Armour
 c - a +0 shield (worn)
 e - a +0 chain mail (worn)
 g - a +2 cloak (worn)
 q - a +0 helmet (worn)
Jewellery
 h - a ring of fire (left hand)
 r - an amulet of rage (around neck)
Scrolls
 b - 2 scrolls of enchant weapon
 i - 3 scrolls of teleportation
 s - a scroll of recharging
Potions
 d - a potion of might
 l - a potion of brilliance
 n - a potion of flight
 p - a potion of curing
Comestibles
 f - 3 bread rations
 j - 2 slices of pizza
 k - a meat ration


   Skills:
 + Level 4.2 Fighting
 + Level 3.8 Maces & Flails
 + Level 4.1 Armour
 - Level 0.7 Dodging
 - Level 0.2 Stealth
 + Level 4.7 Shields
 + Level 1.0 Evocations


You had 5 spell levels left.
You didn't know any spells.

Dungeon Overview and Level Annotations

Branches:
Dungeon (3/15)

Altars:


Innate Abilities, Weirdness & Mutations

You are resistant to torment.
Your stone body is resilient. (AC +4)
You are immune to poison.
You resist negative energy. (rN+)
You are resistant to electric shocks. (rElec)
You can survive without breathing.
You are immune to petrification.
You are immune to rotting.
You have sharp toenails.


Message History

Things that are here:
a quarterstaff of chaos; an embroidered cloak
Okay, then.
There is an open door here.
Magic restored.
There is a stone staircase leading down here.
An ogre comes into view. It is wielding a giant club.
The ogre shouts!
You are feeling hungry.
The ogre hits you with a giant club!!
You hit the ogre.
The ogre is moderately wounded.
The ogre hits you but does no damage.
You hit the ogre but do no damage.
The ogre is moderately wounded.
The ogre hits you with a giant club!
You hit the ogre.
The ogre is heavily wounded.
The ogre hits you with a giant club!
You die...

#.# #...##.# #.#.#
##.# ##.###.# #.#.#
...# #.# #.# #.#.#
.######.# #.# #.#.#
.# #....# #.######
#.#.# .# #.####
#......# #.#.# .#
#.# ######.#
#.#.### .# #.# #.#
#......
.###.######### #@#
######...###
.............# #O#
...........#
..#..........# #.#
.######.##.#
#.#..######..# ...
#..... #.#..# . ...
#..#.# #.#..# #...#
#..#.# .....# .....
#<.#.# #.##.#
##.#.#########..#.#
#.##.#
...........#.#


You could see an ogre.

Vanquished Creatures
  An orc priest (D:3)
  Crazy Yiuf (D:3)
  Jessica (D:2)
  Robin (D:3)
  5 adders
  4 gnolls (D:3)
  3 worms
  3 dart slugs
  A leopard gecko (D:2)
  2 orcs (D:3)
  5 giant cockroaches
  15 goblins
  7 hobgoblins
  2 jackals (D:3)
  9 kobolds
  2 quokkas
  A ball python (D:3)
  6 bats
  3 frilled lizards (D:1)
  5 rats
77 creatures vanquished.

Notes
Turn   | Place    | Note
-------+----------+-------------------------------------------
     0 | D:1      | JeffiDaFish the Gargoyle Fighter began the quest for the Orb.
     0 | D:1      | Reached XP level 1. HP: 14/14 MP: 1/1
   135 | D:1      | Reached XP level 2. HP: 19/19 MP: 2/2
   697 | D:1      | Reached XP level 3. HP: 23/23 MP: 3/3
   903 | D:2      | Found a faded altar of an unknown god.
  1243 | D:2      | Noticed Jessica
  1258 | D:2      | Killed Jessica
  1258 | D:2      | Reached XP level 4. HP: 6/28 MP: 4/4
  1923 | D:3      | Reached XP level 5. HP: 32/32 MP: 5/5
  1939 | D:3      | Noticed Robin
  1971 | D:3      | Killed Robin
  2077 | D:3      | Gained mutation: You have sharp toenails. [potion of beneficial mutation]
  2192 | D:3      | Reached XP level 6. HP: 18/38 MP: 6/6
  2530 | D:3      | Found a runed door.
  2650 | D:3      | Noticed Crazy Yiuf
  2655 | D:3      | Killed Crazy Yiuf
  2655 | D:3      | Reached skill level 1 in Evocations
  2707 | D:3      | Slain by an ogre

Skill      XL: |  1  2  3  4  5  6 |
---------------+-------------------+-----
Shields        | 4 |  4.7
Maces & Flails | 3 |  3.8
Fighting       | 4 |  4.2
Armour         | 4 |  4.1
Evocations     | 1 |  1.0
Dodging        | |  0.7
Stealth        | |  0.2

Action                   |  1- 3 |  4- 6 || total
-------------------------+-------+-------++-------
Melee: Flail             |   148 |   177 ||   325
       Kick              |       |     8 ||     8
  Use: Scroll            |     4 |     6 ||    10
       Potion            |     2 |     5 ||     7
  Eat: Chunk             |     1 |     5 ||     6
Armor: Chain mail        |   105 |    83 ||   188
Dodge: Dodged            |    34 |    37 ||    71
Block: Shield            |    87 |    86 ||   173
